 Dungeon Crawl Stone Soup version 0.26.1-11-gd32895ea62 (webtiles) character file.

Game seed: 3731534615706769324

1052 KamiKatze the Conjurer (level 8, -7/57 HPs)
             Began as a Purple Draconian Conjurer on May 28, 2021.
             Was an Initiate of Vehumet.
             Shot with an arrow by a centaur (14 damage)
             ... on level 5 of the Dungeon.
             The game lasted 00:22:26 (4320 turns).

KamiKatze the Conjurer (Purple Draconian Conjurer)  Turns: 4320, Time: 00:22:26

Health: -7/57      AC:  6    Str: 11    XL:     8   Next: 5%
Magic:  10/17      EV: 12    Int: 20    God:    Vehumet [......]
Gold:   240        SH:  0    Dex:  9    Spells: 8/19 levels left

rFire    + . .     SeeInvis .   a - +1 dagger
rCold    . . .     Faith    .   (no shield)
rNeg     . . .     Spirit   .   (armour unavailable)
rPois    .         Reflect  .   (helmet restricted)
rElec    .         Harm     .   (no cloak)
rCorr    .         Rampage  .   (no gloves)
Will     +....                  (no boots)
Stlth    ++........             (no amulet)
HPRegen  0.19/turn              z - ring of protection from fire
MPRegen  0.15/turn              (no ring)

@: no status effects
A: breathe power, unfitting armour, cold-blooded, AC +6
a: Breathe Dispelling Energy, Renounce Religion


You were on level 5 of the Dungeon.
You worshipped Vehumet.
Vehumet was noncommittal.
You visited 1 branch of the dungeon, and saw 5 of its levels.

You collected 240 gold pieces.

Inventory:

Hand Weapons
 a - a +1 dagger (weapon)
 c - a +0 whip
Missiles
 g - 84 stones
 i - 2 throwing nets
 p - 10 poisoned darts (quivered)
Jewellery
 s - an uncursed ring of willpower
 v - an uncursed amulet of faith
 z - a ring of protection from fire (left hand)
Wands
 h - a wand of random effects (16)
 j - a wand of flame (13)
Scrolls
 b - a scroll of noise {unknown}
 d - 2 scrolls of teleportation
 m - a scroll of enchant armour {unknown}
 n - a scroll of identify
 q - a scroll of blinking {unknown}
 t - a scroll of fear {unknown}
Potions
 e - 3 potions of heal wounds
 f - 2 potions of curing
 o - 2 potions of flight
 r - 2 potions of brilliance
 u - a potion of berserk rage {unknown}
 w - a potion of magic {unknown}
 x - a potion of invisibility {unknown}


   Skills:
 - Level 2.0 Dodging
 - Level 2.0 Stealth
 * Level 6.2 Spellcasting
 * Level 6.5 Conjurations
 * Level 4.2 Hexes
 * Level 3.6 Translocations


You had 8 spell levels left.
You knew the following spells:

 Your Spells              Type           Power        Failure   Level
a - Magic Dart            Conj           100%         1%          1
b - Searing Ray           Conj           64%          1%          2
c - Fulminant Prism       Conj/Hex       13%          11%         4
d - Iskenderun's Mystic   Conj/Tloc      26%          13%         4

Your spell library contained the following spells:

 Spells                   Type           Power        Failure   Level
 Dazzling Flash           Conj/Hex       54%          3%          3


Dungeon Overview and Level Annotations

Branches:
Dungeon (5/15)
 Temple: D:4-7

Altars:
Cheibriados
Elyvilon
Hepliaklqana
Sif Muna
Vehumet
Yredelemnul

Annotations:
D:5 Prince Ribbit


Innate Abilities, Weirdness & Mutations

You can breathe bolts of dispelling energy.
Your rich purple scales are hard. (AC +6)
You cannot fit into any form of body armour.
You are cold-blooded and may be slowed by cold attacks.


Message History

The arrow burns you.
* * * LOW HITPOINT WARNING * * *
Prince Ribbit asks, "Just a little smooch?"
You see here an arrow.
You close the door, pushing everything out of the way.
A centaur opens the door.
Prince Ribbit blinks!
The centaur shoots an arrow.
The arrow hits you.
* * * LOW HITPOINT WARNING * * *
The arrow burns you.
* * * LOW HITPOINT WARNING * * *
You see here an arrow.
The centaur shoots an arrow.
The arrow hits you but does no damage.
You see here an arrow.
The centaur shoots an arrow.
The arrow hits you but does no damage.
The centaur shoots an arrow.
The arrow hits you!
* * * LOW HITPOINT WARNING * * *
Found a scroll of remove curse.
You see here 2 arrows.
The centaur shoots an arrow.
The arrow hits you!
You die...

#.# ####.## #.
#.#####.#...##
###.##..<......#
#......##.#....#
#.###..##.##.).########
#. #.....##...........
#?###..#####..#########
#......#####..#
###.@(.....# #######c##
#.# #.# ########c##
.......(#.#######.
.#######(.........
##...#######. #.....#


You could see a centaur.

Vanquished Creatures
  Grinder (D:5)
  Sigmund (D:3)
  Eustachio (D:4)
  Menkaure (D:4)
  An ogre (D:4)
  A howler monkey (D:5)
  Jessica (D:2)
  Natasha (thrice) (D:2)
  An iguana (D:5)
  2 orc wizards (D:3)
  6 adders
  An ufetubus (D:2)
  2 worms (D:2)
  4 dart slugs
  4 leopard geckos (D:1)
  11 orcs
  A ball python (D:3)
  5 giant cockroaches
  5 goblins
  A hobgoblin (D:1)
  6 jackals
  8 bats
  6 frilled lizards
  9 kobolds
  3 rats
85 creatures vanquished.

Notes
Turn   | Place    | Note
-------+----------+-------------------------------------------
     0 | D:1      | KamiKatze the Draconian Conjurer began the quest for the
                  | Orb.
     0 | D:1      | Reached XP level 1. HP: 14/14 MP: 3/3
   177 | D:1      | Reached XP level 2. HP: 20/20 MP: 1/5
   180 | D:1      | Learned a level 2 spell: Searing Ray
   603 | D:1      | Reached XP level 3. HP: 22/26 MP: 2/6
   802 | D:2      | Noticed Natasha
   805 | D:2      | Killed Natasha
   880 | D:2      | Noticed Natasha
   885 | D:2      | Killed Natasha
   886 | D:2      | Reached XP level 4. HP: 13/33 MP: 4/8
   927 | D:2      | Learned a level 4 spell: Fulminant Prism
  1084 | D:2      | Noticed Natasha
  1089 | D:2      | Killed Natasha
  1090 | D:2      | Reached skill level 5 in Conjurations
  1416 | D:2      | Noticed Jessica
  1418 | D:2      | Killed Jessica
  1419 | D:2      | Reached XP level 5. HP: 38/38 MP: 3/10
  1428 | D:2      | Learned a level 4 spell: Iskenderun's Mystic Blast
  1504 | D:2      | Reached skill level 1 in Hexes
  2063 | D:3      | Reached skill level 1 in Translocations
  2187 | D:3      | Noticed Sigmund
  2201 | D:3      | Killed Sigmund
  2202 | D:3      | Reached XP level 6. HP: 28/45 MP: 5/12
  2671 | D:3      | Found a white marble altar of Elyvilon.
  2863 | D:4      | Noticed Eustachio
  3112 | D:4      | Killed Eustachio
  3113 | D:4      | Your scales start taking on a rich purple colour.
  3113 | D:4      | Reached skill level 5 in Spellcasting
  3113 | D:4      | Reached XP level 7. HP: 15/50 MP: 3/15
  3573 | D:4      | Got a scorched lapis lazuli ring
  3575 | D:4      | Identified the cursed ring of Xom's Amusement {rF+ rN+ AC-4
                  | Int+3} (You found it on level 4 of the Dungeon)
  3625 | D:4      | Found a radiant altar of Vehumet.
  3658 | D:4      | Became a worshipper of Vehumet
  3696 | D:4      | Found a basalt altar of Yredelemnul.
  3703 | D:4      | Found a shimmering blue altar of Sif Muna.
  3842 | D:4      | Found a hazy altar of Hepliaklqana.
  3846 | D:4      | Noticed Menkaure
  3850 | D:4      | Killed Menkaure
  3929 | D:5      | Entered Level 5 of the Dungeon
  4026 | D:4      | Found a snail-covered altar of Cheibriados.
  4274 | D:5      | Noticed Grinder
  4284 | D:5      | Killed Grinder
  4285 | D:5      | Reached XP level 8. HP: 54/57 MP: 5/17
  4290 | D:5      | Noticed Prince Ribbit
  4320 | D:5      | Shot with an arrow by a centaur

Illustrated notes

Levels and vault maps discovered:
D:1:      grunt_arrival_lava_bath, layout_basic, grunt_decor_junction
D:2:      layout_loops_cross, uniq_natasha, uniq_jessica
D:3:      layout_basic, elyvilon_altar_5, uniq_sigmund
D:4:      layout_loops_ring, nicolae_overflow_quartered_altars,
          lemuel_doored_altar, uniq_menkaure, uniq_eustachio
D:5:      layout_loops_corners, kennysheep_mini, uniq_prince_ribbit1,
          uniq_grinder

Skill      XL: |  1  2  3  4  5  6  7 |
---------------+----------------------+-----
Stealth        | 2 |  2.0
Dodging        | 2 |  2.0
Spellcasting   | 3 4 5 6 |  6.2
Conjurations   | 5 6 |  6.5
Hexes          | 2 3 4 |  4.2
Translocations | 1 2 3 |  3.6

Action                   |  1- 3 |  4- 6 |  7- 9 || total
-------------------------+-------+-------+-------++-------
Melee: Unarmed           |    17 |       |       ||    17
       Tailslap          |     3 |     1 |       ||     4
       Dagger            |    31 |    11 |     6 ||    48
 Cast: Magic Dart        |    39 |    29 |     5 ||    73
       Searing Ray       |     3 |    25 |    11 ||    39
  Use: Scroll            |       |     3 |     5 ||     8
 Stab: Sleeping          |     1 |     1 |       ||     2
Armor: Skin              |    16 |    22 |    13 ||    51
Dodge: Dodged            |    34 |    22 |    28 ||    84
